 Dungeon Crawl Stone Soup version 0.21-a0-140-g479285b (webtiles) character file.

592 kuniqs the Sneak (level 7, -7/36 HPs)
             Began as a Deep Elf Fire Elementalist on July 21, 2017.
             Mangled by a centaur (8 damage)
             ... on level 5 of the Dungeon.
             The game lasted 00:05:22 (3863 turns).

kuniqs the Sneak (Deep Elf Fire Elementalist)       Turns: 3863, Time: 00:05:23

Health: -7/36      AC:  2    Str:  5    XL:     7   Next: 16%
Magic:  8/17       EV: 13    Int: 22    God:
Gold:   178        SH:  0    Dex: 15    Spells: 7/17 levels left

rFire    . . .     SeeInvis .   v - +3 long sword
rCold    . . .     Gourm    .   (no shield)
rNeg     + . .     Faith    .   a - +0 robe
rPois    +         Spirit   .   (no helmet)
rElec    .         Reflect  .   (no cloak)
rCorr    .         Harm     .   (no gloves)
MR       .....                  (no boots)
Stlth    +++.......             (no amulet)
HPRegen  0.12/turn              j - ring of poison resistance
MPRegen  0.15/turn              q - ring of positive energy

@: no status effects
A: no striking features
a: no special abilities


You were on level 5 of the Dungeon.
You were hungry.

You visited 2 branches of the dungeon, and saw 6 of its levels.

You collected 178 gold pieces.

Inventory:

Hand Weapons
 v - a +3 long sword (weapon)
Armour
 a - a +0 robe (worn)
Jewellery
 j - a ring of poison resistance (left hand)
 q - a ring of positive energy (right hand)
Scrolls
 c - a scroll of noise {unknown}
 h - 2 scrolls of teleportation
 k - a scroll of fear {unknown}
 l - 3 scrolls of identify {@r1}
 m - a scroll of remove curse {@r2}
 p - 2 scrolls of enchant weapon {unknown}
 w - a scroll of enchant armour {unknown}
Potions
 g - a potion of curing {@q1}
 i - 2 potions of heal wounds {unknown}
 n - a potion of agility {unknown}
 o - a potion of might {unknown}
 r - a potion of mutation {unknown}
 t - a potion of lignification {unknown}
 u - a potion of brilliance {unknown}
 x - a potion of flight {unknown}
Books
 b - a book of Flames

   Spells                             Type                      Level
   a - Flame Tongue                   Conjuration/Fire             1
   b - Throw Flame                    Conjuration/Fire             2
   c - Conjure Flame                  Conjuration/Fire             3
   d - Inner Flame                    Hexes/Fire                   3
   e - Sticky Flame                   Conjuration/Fire             4
   f - Fireball                       Conjuration/Fire             5
Comestibles
 d - 3 bread rations
 e - 4 meat rations
 f - 5 fruits
 s - a royal jelly
 z - 8 chunks of flesh


   Skills:
 - Level 2.4 Dodging
 + Level 5.7 Stealth
 + Level 5.5 Spellcasting
 + Level 4.1 Conjurations
 + Level 5.4 Fire Magic


You had 7 spell levels left.
You knew the following spells:

 Your Spells              Type           Power        Failure   Level  Hunger
a - Flame Tongue          Conj/Fire      ####.        1%          1    None
b - Throw Flame           Conj/Fire      ####..       1%          2    None
c - Conjure Flame         Conj/Fire      ####....     4%          3    ##.....
d - Sticky Flame          Conj/Fire      ####....     13%         4    ####...


Dungeon Overview and Level Annotations

Branches:
Dungeon (5/15)             Temple (1/1) D:4

Altars:
Ashenzari
Dithmenos
Fedhas
Makhleb
Nemelex Xobeh
Okawaru
Qazlal
Ru
Sif Muna
Uskayaw
Vehumet
Wu Jian
Xom
Yredelemnul
Zin
The Shining One


Message History

The adder hisses angrily.
The orc burns!
You kill the orc!
The centaur shoots an arrow.
The arrow barely misses you.
The centaur shoots an arrow.
The arrow hits you!
* * * LOW HITPOINT WARNING * * *
The centaur shoots an arrow.
The arrow completely misses you.
Things that are here:
an arrow; a short sword; an orc corpse The centaur unwields an uncursed shortbow.
The centaur closely misses you.
Aim: a centaur The sticky flame hits the centaur.
The centaur is covered in liquid flames!
You are feeling hungry.
The centaur burns!
The centaur hits you.
* * * LOW HITPOINT WARNING * * *
Aim: a centaur (moderately wounded, covered in liquid flames)
The flame tongue hits the centaur.
The centaur burns!
The centaur hits you!
You die...

.....## ......###
......# #c.......
....<.######
##........
###........#
##.(....... ##...###.#
#.(..o.....
#......#รท#
#.#........ #.......)#
#S#........
#.#....#.##
#c#########
#..........## #@#
#######
#..###.###..###(#
#...).# .... #).
##...#.#########.....#
#.# ##.
#....(..............#
.. .
##.#.##########.....#
# ###...# #.....#
#.##....## ###.####
#.......# ##...##.
###.....# ##.......


You could see a centaur (burning) and an adder.

Vanquished Creatures
  2 ogres
  The ghost of drasked the Chiller, an amateur DEIE (D:3)
  A bullfrog (D:5)
  A hound (D:4)
  Natasha (twice) (D:4)
  An iguana (D:4)
  3 worker ants (D:4)
  4 adders
  An adder zombie (D:5)
  2 worms
  2 dart slugs
  An orc (D:5)
  2 giant cockroaches (D:1)
  3 goblins
  7 hobgoblins
  8 jackals
  9 kobolds
  6 quokkas
  12 bats
  5 frilled lizards
  A jackal skeleton (D:4)
  A quokka skeleton (D:5)
  6 rats
81 creatures vanquished.

Notes
Turn   | Place    | Note
-------+----------+-------------------------------------------
     0 | D:1      | kuniqs the Deep Elf Fire Elementalist began the quest for the Orb.
     0 | D:1      | Reached XP level 1. HP: 10/10 MP: 6/6
   220 | D:1      | Reached XP level 2. HP: 14/15 MP: 5/8
   575 | D:1      | Learned a level 2 spell: Throw Flame
  1042 | D:2      | Reached XP level 3. HP: 19/19 MP: 6/9
  1048 | D:2      | Learned a level 3 spell: Conjure Flame
  1296 | D:2      | Found a stormy altar of Qazlal.
  1425 | D:2      | Found a faded altar of an unknown god.
  1844 | D:3      | Noticed drasked's ghost (amateur DEIE)
  1851 | D:3      | Killed drasked's ghost
  1851 | D:3      | Reached XP level 4. HP: 4/24 MP: 3/12
  2108 | D:3      | Learned a level 4 spell: Sticky Flame
  2292 | D:3      | Reached XP level 5. HP: 28/28 MP: 8/13
  2657 | D:4      | Noticed an ogre
  2666 | D:4      | Killed an ogre
  2785 | D:4      | Found a sacrificial altar of Ru.
  2808 | D:4      | Reached XP level 6. HP: 32/32 MP: 7/14
  2861 | D:4      | Noticed Natasha
  2861 | D:4      | Reached skill level 5 in Stealth
  2865 | D:4      | Killed Natasha
  3054 | D:4      | Noticed Natasha
  3059 | D:4      | Killed Natasha
  3059 | D:4      | Reached skill level 5 in Spellcasting
  3059 | D:4      | Reached skill level 5 in Fire Magic
  3132 | D:4      | Found a burning altar of Makhleb.
  3214 | D:4      | Found a staircase to the Ecumenical Temple.
  3223 | Temple   | Entered the Ecumenical Temple
  3627 | D:5      | Entered Level 5 of the Dungeon
  3654 | D:5      | Reached XP level 7. HP: 36/36 MP: 5/17
  3862 | D:5      | HP: 1/36 [centaur (5)]
  3863 | D:5      | Mangled by a centaur

Vault maps used:
D:1:      minmay_arrival_hallway
D:2:      grunt_qazlal_clouds, first_bread, chequers_ecumenical_altar_island
D:4:      nicolae_ru_the_path_less_chosen, lemuel_coloured_pillars_altar,
          temple_hall, uniq_natasha
Temple:   dshaligram_water_room_temple

Skill      XL: |  1  2  3  4  5  6 |
---------------+-------------------+-----
Stealth        | 3 4 5 |  5.7
Conjurations   | 2 3 4 |  4.1
Spellcasting   | 4 5 |  5.5
Fire Magic     | 4 5 |  5.4
Dodging        | |  2.4

Action                   |  1- 3 |  4- 6 |  7- 9 || total
-------------------------+-------+-------+-------++-------
 Cast: Flame Tongue      |    87 |    64 |    16 ||   167
       Throw Flame       |     1 |    12 |       ||    13
       Conjure Flame     |       |     2 |       ||     2
       Sticky Flame      |       |     1 |     2 ||     3
  Use: Scroll            |     3 |     1 |       ||     4
       Potion            |       |       |     1 ||     1
  Eat: Chunk             |     3 |     5 |     1 ||     9
Armor: Robe              |     7 |       |     3 ||    10
Dodge: Dodged            |    11 |     7 |    11 ||    29
       Rpst.: Long sword |       |       |     3 ||     3
